 Dungeon Crawl Stone Soup version 0.26-a0-639-g72c4674329 (webtiles) character file.

Game seed: 16116218869290234354

5 Lanoc the Vandal (level 1, 0/13 HPs)
             Began as a Halfling Arcane Marksman on Sept 17, 2020.
             Succumbed to an adder's poison
             ... on level 2 of the Dungeon.
             The game lasted 00:00:51 (152 turns).

Lanoc the Vandal (Halfling Arcane Marksman)          Turns: 152, Time: 00:00:51

Health: 0/13       AC:  2    Str: 11    XL:     1   Next: 88%
Magic:  2/2        EV: 15    Int: 11    God:
Gold:   6          SH:  0    Dex: 14    Spells: 1/2 levels left

rFire    . . .     SeeInvis .   a - +0 hunting sling
rCold    . . .     Faith    .   (shield restricted)
rNeg     . . .     Spirit   .   e - +0 robe
rPois    .         Reflect  .   (no helmet)
rElec    .         Harm     .   (no cloak)
rCorr    .         Rampage  .   (no gloves)
MR       .....                  (no boots)
Stlth    ..........             (no amulet)
HPRegen  0.04/turn              f - ring of attention (curse)
MPRegen  0.08/turn              (no ring)

@: lethally poisoned (0 -> -11)
A: small, mutation resistance 1
a: no special abilities


You were on level 2 of the Dungeon.
You visited 1 branch of the dungeon, and saw 2 of its levels.

You collected 6 gold pieces.

Inventory:

Hand Weapons
 a - a +0 hunting sling (weapon)
Missiles
 c - 21 stones
 d - 10 sling bullets (quivered)
Armour
 e - a +0 robe (worn)
Jewellery
 f - a cursed ring of attention (left hand)
Scrolls
 b - a scroll of magic mapping {unknown}


   Skills:
 + Level 1.0 Fighting
 * Level 3.3 Slings
 + Level 2.3 Dodging
 - Level 1.0 Spellcasting
 + Level 2.4 Hexes


You had one spell level left.
You knew the following spells:

 Your Spells              Type           Power        Failure   Level
a - Corona                Hex            #......      12%         1

Your spell library contained the following spells:

 Spells                   Type           Power        Failure   Level
 Slow                     Hex            #.......     19%         2
 Inner Flame              Hex/Fire       #.......     52%         3
 Portal Projectile        Hex/Tloc       #.....       52%         3
 Cause Fear               Hex            #.........   75%         4
 Leda's Liquefaction      Hex/Erth       #.........   89%         4


Dungeon Overview and Level Annotations

Branches:
Dungeon (2/15)

Altars:


Innate Abilities, Weirdness & Mutations

You are small and have problems with some larger weapons.
You are somewhat resistant to further mutation.


Message History

Firing (i - inventory. (/) - cycle)
d - 13 sling bullets (quivered)
Press: ? - help, Shift-Dir - straight line, f/p - adder
Aim: an adder You shoot a sling bullet.
The sling bullet hits the adder.
The adder is lightly wounded.
* * * LOW HITPOINT WARNING * * *
You feel sick. The adder barely misses you. The adder closely misses you.
Firing (i - inventory. (/) - cycle)
d - 12 sling bullets (quivered)
Press: ? - help, Shift-Dir - straight line, f/p - adder
Aim: an adder (lightly wounded)
You shoot a sling bullet.
The sling bullet barely misses the adder.
The adder bites you.
* * * LOW HITPOINT WARNING * * *
Firing (i - inventory. (/) - cycle)
d - 11 sling bullets (quivered)
Press: ? - help, Shift-Dir - straight line, f/p - adder
Aim: an adder (lightly wounded)
You shoot a sling bullet.
The sling bullet barely misses the adder.
You die...

# ### ## .##.### .#
..... .#
#..####.#.####
.##..##.@.......
#.##.....#S#.####
## #.##.#...#.#
.#######...)..#.#(#
.##.....###.###.#.#
.##.....###.....#.#
.).................
......†...........#
..#.....##.........


You could see an adder.

Vanquished Creatures
  A hobgoblin (D:2)
  2 ball pythons (D:1)
  A frilled lizard (D:2)
  A goblin (D:2)
  A kobold (D:2)
  A rat (D:2)
7 creatures vanquished.

Notes
Turn   | Place    | Note
-------+----------+-------------------------------------------
     0 | D:1      | Lanoc the Halfling Arcane Marksman began the quest for the
                  | Orb.
     0 | D:1      | Reached XP level 1. HP: 12/12 MP: 2/2
    79 | D:2      | Reached skill level 1 in Fighting
   152 | D:2      | Succumbed to an adder's poison

Illustrated notes

Levels and vault maps discovered:
D:1:      shiori_shiawase, layout_loops_ring, minmay_close_crescents
D:2:      layout_basic

Skill      XL: |  1 |
---------------+----+-----
Fighting       | 1 |  1.0
Slings         | |  3.3
Dodging        | |  2.3
Spellcasting   | |  1.0
Hexes          | |  2.4

Action                   || total
-------------------------++-------
 Fire: Hunting sling     ||    22
 Cast: Corona            ||     1
Dodge: Dodged            ||     5

Table legend: (Time is in decaauts)
 A = Elapsed time spent in this place.
 B = Non-inter-level travel time spent in this place.
 C = Inter-level travel time spent in this place.
 D = Time resting spent in this place.
 E = Time spent auto-exploring this place.
 F = Levels seen in this place.
 G = Mean time per level.
                   A        B        C        D        E       F      G
               +--------+--------+--------+--------+--------+-----+--------+
         Total |    152 |    150 |      2 |      0 |    108 |   2 |   76.0 |
       Dungeon |    152 |    150 |      2 |      0 |    108 |   2 |   76.0 |
               +--------+--------+--------+--------+--------+-----+--------+

Top non-repeatable levels by time:
     D:2: 79 daAuts
     D:1: 72 daAuts
